AoeStats
← BKPK

Arabia

506593480Analyzed
1v1 RM · 18d ago on Sep 14, 2026· 61m 20s· 2 players
Game mode
Random Map
Map size
Tiny (2 player)
Population
200
Speed
Normal
Resources
Standard
Victory
Conquest
Starting age
Dark Age
Ending age
Imperial Age
RankedLock teamsTeams togetherTeam positionsShared explorationLock speedFull tech treeHidden civsTurbo modeCheats
Victory
Defeat
🇨🇭 Berbers · Switzerland
1007
+15
🇹🇼 Ethiopians · Taiwan
979
-15
BKPK
10:46 Feudal Age
9:02 Loom
11:44 Double-Bit Axe
13:17 Wheelbarrow
15:32 Fletching
21:05 Castle Age
21:13 Crossbowman
21:55 Bodkin Arrow
23:01 Stone Mining
23:02 Gold Mining
24:53 Horse Collar
26:20 Bow Saw
26:37 Heavy Plow
28:37 Hand Cart
32:45 Scale Mail Armor
33:30 Royal Heirs
34:06 Chain Mail Armor
35:24 Stone Shaft Mining
35:29 Gold Shaft Mining
38:59 Imperial Age
38:25 Forging
41:01 Chemistry
40:08 Siege Engineers
40:15 Masonry
40:44 Plate Mail Armor
40:46 Arson
41:42 Iron Casting
41:05 Halberdier
45:30 Blast Furnace
44:32 Bracer
44:50 Masonry
45:05 Conscription
45:50 Elite Shotel Warrior
46:44 Squires
46:29 Arson
47:23 Architecture
49:16 Arbalester
50:02 Thumb Ring
52:58 Two-Man Saw
51:48 Town Watch
52:40 Town Patrol
53:38 Padded Archer Armor
54:15 Ballistics
54:56 Leather Archer Armor
59:24 Ring Archer Armor
60:55 Elite Skirmisher
ChefSoucoupe514
7:46 Loom
11:00 Feudal Age
11:33 Double-Bit Axe
11:32 Horse Collar
15:16 Fletching
15:27 Padded Archer Armor
20:27 Castle Age
19:06 Scale Barding Armor
19:38 Forging
20:23 Bloodlines
28:11 Chain Barding Armor
28:38 Bodkin Arrow
29:00 Leather Archer Armor
29:30 Elite Skirmisher
31:02 Ballistics
32:13 Iron Casting
39:00 Imperial Age
36:59 Gold Mining
37:24 Bow Saw
37:17 Heavy Plow
40:04 Conscription
40:24 Plate Barding Armor
40:50 Blast Furnace
39:15 Cavalier
43:27 Bracer
43:58 Ring Archer Armor
47:00 Chemistry
49:07 Husbandry
48:32 Light Cavalry
53:49 Hussar
Connection lost

Rejoining the realm…

Still unreachable

The connection could not be restored.

Session expired

The server has moved on; the page needs a fresh start.